Map: Mist Opportunities

Players

MattBarry

  • Race: Zerg Zerg
  • Spawn Location: 5:00

MattBarry

  • Race: Zerg Zerg

VOD

Have the link to the VOD?

Description

Time

  • Played on: Jan. 3, 2023, 5:53 p.m.
  • Length: 30:06
Show
View Real Time Build Order
Export as new Build Order

MattBarry Zerg 

Build Orders:  

Get SALT Encoding   

  12  0:03  Drone  
  13  0:11  Drone  
  14  0:25  Overlord  
  14  0:50  Drone x4  
  18  1:06  Roach Warren  
  18  1:09  Drone  
  18  1:15  Drone  
  19  1:22  Extractor  
  19  1:28  Drone  
  19  1:29  Drone  
  20  1:38  Overlord  
  20  1:47  Roach  
  22  2:15  Drone x2  
  22  2:16  Drone x2  
  26  2:20  Extractor  
  25  2:41  Drone  
  25  2:42  Drone x2  
  28  2:57  Hydriodic Bile  
  28  3:05  Drone  
  29  3:28  Overlord  
  29  3:32  Drone  
  30  4:09  Roach  
  32  4:10  Roach x3  
  32  4:14  Overlord  
  38  4:20  Lair  
  38  4:27  Evolution Chamber, Drone  
  38  4:28  Evolution Chamber  
  37  4:44  Drone x2, Overlord  
  37  4:45  Drone x2  
  41  5:04  Roach  
  41  5:05  Roach  
  45  5:34  Roach  
  45  5:44  Roach x3  
  45  5:45  Roach  
  53  5:56  Brutalisk  
  53  6:00  Drone, Overlord  
  54  6:10  Overlord  
  54  6:12  Zerg Ground Armor Level 1, Zerg Missile Weapons Level 1  
  54  6:15  Overlord  
  54  6:42  Hatchery  
  53  6:51  Extractor  
  53  6:53  Drone  
  53  6:54  Drone x3  
  53  6:56  Extractor  
  55  7:01  Overseer  
  55  7:10  Glial Reconstitution  
  55  7:20  Infestation Pit  
  55  7:22  Drone  
  55  7:23  Drone  
  55  7:24  Drone  
  57  7:33  Roach  
  59  7:41  Roach  
  61  8:01  Hive  
  61  8:04  Drone  
  61  8:05  Drone x2  
  64  8:14  Overlord  
  64  8:19  Roach  
  64  8:41  Brutalisk  
  64  8:48  Roach  
  64  8:51  Drone  
  64  8:52  Drone x11  
  76  9:10  Brutalisk  
  76  9:23  Roach  
  76  9:24  Roach x5  
  88  9:41  Overlord  
  88  9:43  Overlord  
  88  9:58  Zerg Ground Armor Level 2, Zerg Missile Weapons Level 2  
  88  10:00  Swarm Host  
  91  10:11  Drone  
  92  10:48  Roach  
  92  10:49  Roach x7  
  108  10:53  Overlord x3  
  108  11:12  Deep Tunnel  
  108  11:18  Swarm Host, Overlord  
  111  11:30  Overlord  
  111  11:56  Swarm Host x3  
  111  11:57  Swarm Host  
  123  12:07  Unknown  
  123  12:17  Overlord  
  123  12:18  Swarm Host  
  123  12:19  Swarm Host  
  129  13:02  Swarm Host x3  
  138  13:30  Pressurized Glands  
  138  13:46  Swarm Host  
  138  13:47  Swarm Host x4  
  153  14:06  Zerg Ground Armor Level 3, Zerg Missile Weapons Level 3  
  151  15:13  Roach x23  
  151  15:33  Swarm Host x10  
  151  15:34  Swarm Host x5  
  151  15:36  Adaptive Plating  
  151  15:55  Swarm Host x15  
  147  16:26  Overlord x3  
  147  16:27  Overlord x2  
  147  16:29  Swarm Host  
  150  16:30  Swarm Host x2  
  156  16:48  Swarm Host x5  
  156  16:49  Swarm Host x10  
  156  17:06  Roach x2  
  156  17:07  Roach x16  
  192  17:15  Overlord  
  192  17:17  Tunneling Claws  
  192  17:22  Swarm Host x19  
  192  17:51  Swarm Host x19  
  192  18:22  Roach  
  192  18:23  Roach x3  
  200  19:08  Bloated Bile Ducts  
  200  19:44  Swarm Host x19  
  200  24:22  Swarm Host x19  
  200  25:22  Overseer x4  
  200  25:23  Overseer x3  
  198  26:36  Roach  
  200  26:53  Swarm Host x19  
  200  28:56  Swarm Host x19  
Show
View Real Time Build Order
Export as new Build Order

MattBarry Zerg 

Build Orders:  

Get SALT Encoding   

  18  0:03  Primal Drone  
  19  0:11  Primal Drone  
  19  0:18  Primal Drone  
  21  0:24  Primal Drone  
  22  0:47  Primal Warden  
  23  0:51  Primal Drone  
  23  0:57  Primal Drone  
  25  1:07  Extractor  
  25  1:24  Primal Drone  
  25  1:29  Primal Drone  
  27  1:41  Primal Drone  
  28  1:55  Primal Zergling  
  29  2:01  Primal Drone  
  30  2:11  Primal Zergling  
  31  2:21  Primal Drone  
  31  2:25  Primal Drone  
  33  2:54  Primal Drone  
  34  3:02  Primal Zergling x2  
  34  3:07  Primal Drone  
  37  3:13  Extractor  
  37  3:53  Primal Drone x2  
  37  3:54  Primal Drone  
  40  4:23  Primal Hive  
  45  4:33  Primal Drone x2  
  45  4:35  Primal Attacks Level 1  
  47  4:41  Glevig's Den  
  47  4:49  Primal Warden  
  47  4:51  Primal Drone  
  47  4:53  Primal Drone  
  49  5:48  Primal Zergling  
  49  5:49  Primal Zergling x2  
  52  5:52  Primal Drone x3  
  55  6:18  Primal Wurm  
  57  6:20  Primal Wurm  
  57  6:22  Primal Wurm  
  58  6:41  Murvar's Den  
  57  6:56  Extractor  
  57  6:57  Extractor  
  57  6:59  Primal Carapace Level 1  
  57  7:06  Primal Drone  
  57  7:07  Primal Drone x4  
  62  7:10  Primal Drone  
  62  7:11  Primal Drone x4  
  68  8:11  Primal Warden  
  68  8:14  Primal Warden  
  68  8:16  Primal Drone  
  68  8:17  Primal Drone x3  
  68  8:19  Primal Attacks Level 2  
  73  8:39  Primal Drone x3  
  76  8:40  Primal Drone x2  
  78  8:57  Dakrun's Den  
  74  9:07  Primal Swarm Host  
  73  9:10  Primal Swarm Host  
  76  10:18  Primal Wurm  
  76  10:19  Primal Wurm x2  
  79  10:27  Primal Warden  
  79  10:28  Primal Drone x3  
  83  11:06  Primal Wurm  
  83  11:07  Primal Wurm  
  85  11:13  Primal Wurm  
  86  11:31  Primal Ultralisk  
  86  11:33  Primal Swarm Host  
  86  11:35  Primal Swarm Host  
  86  11:38  Primal Drone  
  99  11:51  Barrage of Spikes  
  99  12:05  Primal Attacks Level 3  
  97  12:51  Healing Adaptation  
  97  13:30  Primal Ultralisk  
  97  13:31  Primal Ultralisk x4  
  127  13:51  Brutal Charge  
  127  14:19  Primal Hydralisk x7  
  141  14:20  Primal Hydralisk x2  
  145  15:39  Primal Ultralisk x2  
  157  15:40  Primal Ultralisk x3  
  157  15:45  Primal Carapace Level 2  
  169  16:31  Primal Ultralisk  
  169  16:32  Primal Ultralisk  
  181  16:40  Primal Ultralisk  
  187  16:59  Primal Mutalisk x2  
  185  17:00  Primal Mutalisk x2  
  183  17:40  Primal Ultralisk  
  183  17:49  Primal Ultralisk  
  189  18:26  Primal Ultralisk  
  117  20:32  Primal Ultralisk  
  117  20:33  Primal Ultralisk x4  
  138  21:11  Primal Ultralisk  
  117  25:21  Primal Ultralisk  
  117  25:22  Primal Ultralisk x8  
  165  26:04  Primal Ultralisk x2  
  177  26:44  Primal Swarm Host  
  177  26:45  Primal Ultralisk  
  177  27:29  Primal Ultralisk  
  183  28:04  Primal Ultralisk  
  183  28:05  Primal Ultralisk  
  195  28:42  Primal Warden  
  195  28:43  Primal Warden  
  195  28:48  Primal Warden  
  195  28:50  Primal Warden  
  195  28:52  Primal Warden  
  186  29:20  Primal Ultralisk x2  
Tags
 
Add a new tag
Caveats
  • Supply blocks, unpowered buildings, or Contaminate may cause inaccurate times.
  • Supply counts are checked every 10 seconds.